Description

Aggressive Protoss vs Protoss Build Order Uses 8 adepts + 2 Oracles to try and inflict tons of damage

If you're looking for something that allows you to get in your opponents face early on in PvP then this is the perfect build to allow you to do so.

If you enjoy the build order, please consider upvoting :)

VOD

https://www.youtube.com/watch?v=yfRfWt7eUlg

Replay - PvP - 8 Adept 2 Oracle

Build Order

Get SALT Encoding   

  14  0:17  Pylon  
  16  0:37  Gateway  
  16  0:43  Assimilator  
  17  0:51  Assimilator  
  19  1:10  Gateway  
  21  1:24  Cybernetics Core  
  23  1:58  Warp Gate (Chrono Boost)  
  23  2:01  Adept x2  
  27  2:07  Pylon  
  27  2:16  Stargate  
  27  2:31  Adept x2  
  31  2:49  Nexus  
  31  2:59  Oracle (Chrono Boost)  
  31  3:05  Pylon  
  34  3:10  Adept  
  36  3:17  Adept  
  38  3:27  Oracle  
  43  3:52  Pylon  
  43  3:55  Adept x2  
  49  4:16  Robotics Facility  
Spawning Tool Build Advisor. Get it on Overwolf

Go to:

Details

  • Created by: hushang      
  • Published on: Jan 13, 2021
  • Modified on: Jan 13, 2021
  • Patch: 4.11.0
  • Difficulty: Medium
Show
View Real Time Build Order
Export as new Build Order

Comments (2)

On Feb. 3, 2021, 1:37 p.m., retinagel  said:

22 1:35 Pylon

On Jan. 17, 2021, 6:11 a.m., Mor9oth  said:

the second pylon is missing in the build order

Create an account to comment!